 Dungeon Crawl Stone Soup version 0.30.0-5-g1a98f26d00 (webtiles) character file.

Game seed: 12806120740807558791

81 Jarnaxa the Trooper (level 4, -4/49 HPs)
             Began as an Ogre Fighter on May 11, 2023.
             Slain by a goblin
             ... wielding a +3 dagger
             ... led by Robin
              (6 damage)
             ... on level 3 of the Dungeon.
             The game lasted 00:03:37 (2096 turns).

Jarnaxa the Trooper (Ogre Fighter)                  Turns: 2096, Time: 00:03:38

Health: -4/49      AC:  3    Str: 22    XL:     4   Next: 42%
Magic:  4/4        EV:  9    Int:  9    God:
Gold:   105        SH:  7    Dex:  8    Spells: 3/3 levels left

rFire   . . .        a - +0 long sword
rCold   + . .        c - +0 kite shield
rNeg    + . .        b - +0 robe
rPois   .            (helmet restricted)
rElec   .            (no cloak)
rCorr   .            (gloves unavailable)
SInv    .            (boots unavailable)
Will    .....        o - amulet of regeneration
Stlth   +            h - ring of protection from cold
HPRegen 1.08/turn    s - ring of positive energy
MPRegen 0.09/turn

%: no passive effects
@: mighty
A: large, unfitting armour, tough skin 1
a: no special abilities


You were on level 3 of the Dungeon.
You visited 1 branch of the dungeon, and saw 3 of its levels.

You collected 105 gold pieces.

Inventory:

Hand Weapons
 a - a +0 long sword (weapon)
Armour
 b - a +0 robe (worn)
 c - a +0 kite shield (worn)
Jewellery
 h - a ring of protection from cold (left hand)
 o - an amulet of regeneration (around neck)
 s - a ring of positive energy (right hand)
Scrolls
 f - a scroll of blinking {unknown}
 g - a scroll of vulnerability {unknown}
 k - 2 scrolls of magic mapping
 n - 2 scrolls of teleportation
Potions
 e - 2 potions of brilliance {unknown}
 i - 5 potions of curing
 l - a potion of attraction {unknown}
 m - a potion of heal wounds {unknown}
 p - a potion of ambrosia {unknown}


   Skills:
 + Level 4.6 Fighting
 + Level 2.6 Long Blades
 + Level 3.3 Dodging
 + Level 0.1 Stealth
 + Level 3.4 Shields


You had 3 spell levels left.
You didn't know any spells.
Your spell library contained the following spells:

 Spells                   Type           Power      Damage    Failure   Level
 Foxfire                  Conj/Fire      0%         2x1d4     67%         1
 Slow                     Hex            0%         N/A       67%         1
 Summon Small Mammal      Summ           0%         N/A       67%         1
 Call Canine Familiar     Summ           0%         N/A       95%         3
 Summon Guardian Golem    Hex/Summ       0%         N/A       95%         3
 Fireball                 Conj/Fire      0%         3d3       100%        5
 Plasma Beam              Fire/Air       0%         2x1d11    100%        6
 Starburst                Conj/Fire      0%         6d3       100%        6
 Malign Gateway           Summ/Tloc      0%         N/A       100%        7
 Summon Horrible Things   Summ           0%         N/A       100%        8


Dungeon Overview and Level Annotations

Branches:
Dungeon (3/15)

Altars:

Annotations:
D:3 Robin


Innate Abilities, Weirdness & Mutations

You are too large for most types of armour.
You have tough skin. (AC +1)


Message History

The goblin hits you with a +0 club. x2
A hobgoblin comes into view.
The hobgoblin shouts!
You hit the goblin.
You kill the goblin!
You block the goblin's attack. x2; The goblin hits you with a +3 dagger.
You feel very mighty all of a sudden. The goblin barely misses you. x2
Robin says, "Bow before me, strongest of all the hobgoblins!"
The goblin completely misses you. The goblin attacks as you move away!
The goblin hits you with a +3 dagger. The goblin attacks as you move away!
The goblin hits you with a +0 club. The goblin closely misses you.
Robin hits you with a +0 club.
There is an open door here.
You see here a +0 dagger.
You hit Robin.
Robin is moderately wounded.
You block the goblin's attack.
Robin laughs in a distinctly smug fashion.
You block Robin's attack. The goblin closely misses you.
You hit Robin.
Robin is severely wounded.
You block the goblin's attack. Robin barely misses you.
You block the goblin's attack. The goblin hits you with a +0 club.
The goblin hits you with a +3 dagger. Robin closely misses you.
The goblin hits you with a +0 club. x2
* * * LOW HITPOINT WARNING * * *
You closely miss Robin.
Robin is severely wounded.
The goblin hits you with a +0 club.
* * * LOW HITPOINT WARNING * * *
Robin barely misses you. The goblin hits you with a +3 dagger.
* * * LOW HITPOINT WARNING * * *
The goblin hits you with a +0 club.
* * * LOW HITPOINT WARNING * * *
You barely miss Robin.
Robin is severely wounded.
You block the goblin's attack. You block Robin's attack.
The goblin barely misses you. The goblin hits you with a +3 dagger.
You die...

#.####...#####.##.
#............†....
######.###.###....
##'###.# #.###
##...##.###.#
##.....#.##..# .
##........##..#
..wg####g............###
..ggggg@g..............?
#..g####g........##.#...
# ##.......###.##.#
##.....##.......
##...###.#..... ##+##
#.#####. #.......
######## ### #


You could see a worm, Robin, 4 hobgoblins and 5 goblins.

Vanquished Creatures
  A gnoll (D:1)
  A worm (D:3)
  A dart slug (D:2)
  An orc (D:3)
  5 endoplasms
  10 goblins
  14 hobgoblins
  3 jackals (D:1)
  3 quokkas
  3 ball pythons
  6 bats
  4 kobolds
  5 rats
57 creatures vanquished.

Notes
Turn   | Place    | Note
-------+----------+-------------------------------------------
     0 | D:1      | Jarnaxa the Ogre Fighter began the quest for the Orb.
     0 | D:1      | Reached XP level 1. HP: 24/24 MP: 1/1
    83 | D:1      | HP: 1/24 [frozen (5)]
    85 | D:1      | Reached XP level 2. HP: 2/32 MP: 2/2
   334 | D:1      | Reached XP level 3. HP: 40/40 MP: 3/3
   692 | D:1      | Found a faded altar of an unknown god.
   701 | D:1      | Got Plato's Exposition on the Jinx
  1544 | D:2      | Reached XP level 4. HP: 49/49 MP: 4/4
  2087 | D:3      | Noticed Robin
  2095 | D:3      | HP: 2/49 [goblin/+3 dagger[Robin] (5)]
  2096 | D:3      | Slain by a goblin

Illustrated notes

Levels and vault maps discovered:
D:1:      dpeg_arrival_round_b, layout_basic,
          shapermc_ecumenical_altar_rom_forum, serial_park_tiny_1
D:2:      layout_loops_cross, minmay_goblin_outpost
D:3:      layout_loops_corners, pdpol_temple_overflow_zin_treasury_gozag_greed,
          tgw_xom, uniq_terence, uniq_robin, uniq_ijyb, uniq_jessica

Skill      XL: |  1  2  3 |
---------------+----------+-----
Dodging        | 3 |  3.3
Long Blades    | 2 |  2.6
Fighting       | |  4.6
Stealth        | |  0.1
Shields        | |  3.4

Action                     |  1- 3 |  4- 6 || total
---------------------------+-------+-------++-------
  Melee: Long sword        |   125 |    61 ||   186
    Use: Scroll            |       |     7 ||     7
         Potion            |       |     1 ||     1
 Armour: Robe              |    48 |    19 ||    67
  Dodge: Dodged            |    64 |    33 ||    97
  Block: Kite shield       |    73 |    35 ||   108
